 Dungeon Crawl Stone Soup version 0.29-a0-473-gacb4ef3bc5 (webtiles) character file.

Game seed: 6198915405598857442

50 Lekart the Skirmisher (level 3, -2/33 HPs)
             Began as a Draconian Chaos Knight on May 23, 2022.
             Was a Plaything of Xom.
             Slain by a worm (6 damage)
             ... on level 2 of the Dungeon.
             The game lasted 00:01:09 (1228 turns).

Lekart the Skirmisher (Draconian Chaos Knight)      Turns: 1228, Time: 00:01:09

Health: -2/33      AC:  5    Str: 14    XL:     3   Next: 55%
Magic:  4/4        EV: 12    Int: 12    God:    Xom [*.....]
Gold:   72         SH:  0    Dex: 12    Spells: 4/4 levels left

rFire   . . .      SeeInvis +   a - +0 falchion (chaos)
rCold   . . .      Faith    .   (no shield)
rNeg    . . .      Spirit   .   (body armour unavailable)
rPois   .          Reflect  .   (helmet restricted)
rElec   .          Harm     .   (no cloak)
rCorr   .          Rampage  .   (no gloves)
Will    .....                   (no boots)
Stlth   +.........              (no amulet)
HPRegen 0.11/turn               d - ring of see invisible
MPRegen 0.09/turn               (no ring)

@: no status effects
A: AC +5, unfitting armour, cold-blooded
a: Renounce Religion


You were on level 2 of the Dungeon.
You worshipped Xom.
You were a special plaything of Xom.
You visited 1 branch of the dungeon, and saw 2 of its levels.

You collected 72 gold pieces.

Inventory:

Hand Weapons
 a - a +0 falchion of chaos (weapon)
 g - a +4 whip
Jewellery
 d - a ring of see invisible (left hand)
Scrolls
 e - a scroll of blinking {unknown}
 h - a scroll of identify {unknown}
 i - 2 scrolls of immolation {unknown}
 k - a scroll of teleportation {unknown}
Potions
 c - 2 potions of attraction {unknown}
 f - a potion of degeneration {unknown}
 j - a potion of mutation {unknown}
Miscellaneous
 b - a piece from Xom's chessboard (15/15) (quivered)


   Skills:
 + Level 4.1 Fighting
 + Level 3.4 Long Blades
 + Level 0.5 Maces & Flails
 + Level 2.3 Dodging
 * Level 1.0 Spellcasting


You had 4 spell levels left.
You didn't know any spells.
Your spell library contained the following spells:

 Spells                   Type           Power      Damage    Failure   Level
 Summon Guardian Golem    Hex/Summ       0%         N/A       65%         3
 Orb of Destruction       Conj           0%         9d5       100%        7
 Spellforged Servitor     Conj/Summ      0%         N/A       100%        7


Dungeon Overview and Level Annotations

Branches:
Dungeon (2/15)

Altars:
Fedhas
Xom


Innate Abilities, Weirdness & Mutations

Your plain brown scales are hard. (AC +5)
You cannot fit into any form of body armour.
You are cold-blooded and may be slowed by cold attacks.


Message History

The worm is severely wounded.
The worm closely misses you.
You closely miss the worm.
The worm is heavily wounded.
The worm is no longer moving slowly.
The worm misses you.
You hit the worm. You burn the worm.
The worm is severely wounded.
The worm barely misses you.
You closely miss the worm.
The worm is severely wounded.
The worm completely misses you.
You barely miss the worm.
The worm is severely wounded.
The worm bites you!
You are too injured to fight recklessly!
You are too injured to fight recklessly!
You are too injured to fight recklessly!
You hit the worm. You tail-slap the worm.
The worm is almost dead.
The worm barely misses you.
You closely miss the worm.
The worm is almost dead.
The worm bites you but does no damage.
You barely miss the worm.
The worm is almost dead.
The worm barely misses you.
You hit the worm. You burn the worm.
The worm is almost dead.
The worm bites you!
* * * LOW HITPOINT WARNING * * *
You hit the worm but do no damage.
The worm is almost dead.
The worm barely misses you.
You barely miss the worm.
The worm is almost dead.
The worm barely misses you.
You hit the worm but do no damage.
The worm is severely wounded.
The worm is no longer berserk.
The worm bites you.
You die...

####### #.....#
#.....# #.....# #####
##.....########....
#.............'....
#.......#######....
#.......# #.......
#.@.....# #.##....
#.w.....# #.###'##
#.........# #.# #.#
#..........###.###.##
#....................
#................#.##
#######+###.##.#.#.#
#.###.##.#.#.##
######
#......#.#.#.##


You could see a worm (agile, slow).

Vanquished Creatures
  2 adders (D:2)
  A worm (D:2)
  A bat (D:2)
  3 endoplasms (D:2)
  2 giant cockroaches (D:2)
  4 goblins (D:2)
  2 hobgoblins (D:2)
  2 jackals (D:2)
  4 kobolds
  2 ball pythons
  A frilled lizard (D:2)
  2 rats
26 creatures vanquished.

Notes
Turn   | Place    | Note
-------+----------+-------------------------------------------
     0 | D:1      | Lekart the Draconian Chaos Knight began the quest for the
                  | Orb.
     0 | D:1      | Reached XP level 1. HP: 19/19 MP: 1/1
   205 | D:1      | You fall into a shaft and drop 1 floor!
   222 | D:2      | XOM: potion effect (might)
   231 | D:2      | XOM: potion effect (might)
   235 | D:2      | Reached XP level 2. HP: 7/26 MP: 2/2
   727 | D:2      | XOM: cast spell 'Monstrous Menagerie'
   733 | D:2      | Reached skill level 4 in Fighting
   737 | D:2      | Reached XP level 3. HP: 30/33 MP: 2/4
   766 | D:2      | XOM: scenery: create altars
   881 | D:2      | Found a blossoming altar of Fedhas.
  1211 | D:2      | Reached skill level 1 in Spellcasting
  1228 | D:2      | Slain by a worm

Illustrated notes

Levels and vault maps discovered:
D:1:      dpeg_arrival_erosion, layout_loops_ring,
          dreamdust_ecumenical_altar_statues
D:2:      minmay_general_purpose_star, layout_basic, basic_altar, st_stairs_3

Skill      XL: |  1  2  3 |
---------------+----------+-----
Fighting       | 4 |  4.1
Spellcasting   | 1 |  1.0
Long Blades    | |  3.4
Maces & Flails | |  0.5
Dodging        | |  2.3

Action                   || total
-------------------------++-------
Melee: Whip              ||    44
       Falchion          ||    25
       Punch             ||     2
       Tailslap          ||     6
 Stab: Sleeping          ||     1
Armor: Skin              ||    21
Dodge: Dodged            ||    37

Table legend: (Time is in decaauts)
 A = Elapsed time spent in this place.
 B = Non-inter-level travel time spent in this place.
 C = Inter-level travel time spent in this place.
 D = Time resting spent in this place.
 E = Time spent auto-exploring this place.
 F = Levels seen in this place.
 G = Mean time per level.
                   A        B        C        D        E       F      G
               +--------+--------+--------+--------+--------+-----+--------+
         Total |   1236 |   1236 |      0 |      0 |   1059 |   2 |  618.0 |
       Dungeon |   1236 |   1236 |      0 |      0 |   1059 |   2 |  618.0 |
               +--------+--------+--------+--------+--------+-----+--------+

Top non-repeatable levels by time:
     D:2: 1031 daAuts
     D:1: 204 daAuts
